 Dungeon Crawl Stone Soup version 0.22-a0-866-geee5034 (webtiles) character file.

12191 VLARC the Thaumaturge (level 11, -6/63 HPs)
             Began as a Vine Stalker Skald on July 28, 2018.
             Was an Initiate of Gozag.
             Mangled by a stone giant (28 damage)
             ... in a volcano.
             The game lasted 00:26:53 (9822 turns).

VLARC the Thaumaturge (Vine Stalker Skald)          Turns: 9822, Time: 00:26:53

Health: -6/63      AC:  7    Str: 13    XL:     11   Next: 89%
Magic:  0/26       EV: 18    Int: 16    God:    Gozag
Gold:   1272       SH:  0    Dex: 15    Spells: 26/30 levels left

rFire    + . .     SeeInvis .   u - +2 scimitar (flame)
rCold    . . .     Gourm    .   (no shield)
rNeg     . . .     Faith    .   t - +2 leather armour {rF+}
rPois    .         Spirit   +   (no helmet)
rElec    .         Reflect  .   j - scarf {cloud immunity}
rCorr    +         Harm     .   i - +1 pair of gloves
MR       +....                  (no boots)
Stlth    +.........             (no amulet)
HPRegen  0.60/turn              o - ring of resist corrosion
MPRegen  0.20/turn              y - +6 ring of evasion

@: berserk cooldown, flying, hasted and slowed
A: fangs 3, regeneration 1, magic shield, antimagic bite, no potion heal 3, rot
immunity
a: Potion Petition, Call Merchant, Bribe Branch, Renounce Religion


You were in a volcano.
You worshipped Gozag.
Gozag was most pleased with you.
You were not hungry.

You visited 2 branches of the dungeon, and saw 12 of its levels.
You also visited: Volcano.

You collected 2017 gold pieces.
You paid 745 gold pieces to Gozag.

Inventory:

Hand Weapons
 u - a +2 scimitar of flaming (weapon)
Armour
 i - a +1 pair of gloves (worn)
 j - a scarf of cloud immunity (worn)
 l - a +2 cloak
 r - a scarf of resistance
 t - a +2 leather armour of fire resistance (worn)
Magical Staves
 p - an uncursed staff of death
Jewellery
 g - a +3 ring of dexterity
 o - a ring of resist corrosion (left hand)
 y - a +6 ring of evasion (right hand)
 A - an uncursed ring of positive energy
 J - an uncursed ring of positive energy
Wands
 a - a wand of flame (12)
 h - a wand of iceblast (2)
 m - a wand of paralysis (7)
 n - a wand of digging (16)
 w - a wand of random effects (52)
 I - a wand of acid (8)
Scrolls
 c - 5 scrolls of remove curse
 k - 3 scrolls of teleportation
 C - 4 scrolls of identify
 G - a scroll of enchant armour
Potions
 b - 2 potions of agility
 d - a potion of brilliance
 q - 3 potions of curing
 s - a potion of cancellation {unknown}
 v - a potion of might {unknown}
 z - 2 potions of berserk rage {unknown}
 B - a potion of flight
 D - a potion of haste
 E - a potion of degeneration {unknown}
Comestibles
 f - 7 rations


   Skills:
 + Level 10.1 Fighting
 + Level 10.1 Long Blades
 - Level 0.7 Armour
 - Level 1.5 Dodging
 - Level 10.3 Spellcasting
 + Level 3.5 Hexes
 - Level 3.0 Charms


You had 26 spell levels left.
You knew the following spells:

 Your Spells              Type           Power        Failure   Level  Hunger
a - Infusion              Chrm           ###.         3%          1    None
b - Spectral Weapon       Hex/Chrm       ###.....     9%          3    None

Your spell library contained the following spells:

 Spells                   Type           Power        Failure   Level  Hunger
 Confuse                  Hex            ###.....     8%          3    None
 Mephitic Cloud           Conj/Pois/Air  #.......     32%         3    None
 Venom Bolt               Conj/Pois      #.........   97%         5    #####..
 Olgreb's Toxic Radiance  Pois           #.......     73%         4    ###....
 Regeneration             Chrm/Necr      ##........   19%         3    None
 Sting                    Conj/Pois      #...         11%         1    None
 Stone Arrow              Conj/Erth      #.....       32%         3    None
 Confusing Touch          Hex            ###...       2%          1    None
 Passwall                 Tmut/Erth      #.......     17%         2    None
 Metabolic Englaciation   Hex/Ice        ##........   83%         5    #####..
 Lee's Rapid Deconstruct  Erth           #.........   97%         5    #####..
 Sandblast                Erth           #.....       11%         1    None
 Petrify                  Tmut/Erth      #.......     73%         4    ###....
 Shroud of Golubria       Chrm/Tloc      ##........   9%          2    None
 Song of Slaying          Chrm           ###.....     4%          2    None
 Gell's Gravitas          Tloc           #.........   32%         3    None
 Yara's Violent Unravell  Hex/Tmut       ##........   83%         5    #####..
 Poisonous Vapours        Pois/Air       #.....       17%         2    None


Dungeon Overview and Level Annotations

Branches:
Dungeon (10/15)            Temple (0/1) D:6            Lair (2/6) D:9
 Shoals (0/4) Lair:2       Spider (0/4) Lair:2          Orc (0/2) D:10

Altars:
Cheibriados
Dithmenos
Elyvilon
Gozag
Kikubaaqudgha
Okawaru
Ru
Sif Muna
Trog
Uskayaw
Vehumet
Wu Jian
Xom

Annotations:
D:9 3 runed doors, Erolcha; riteheju's ghost, novice DsGl


Innate Abilities, Weirdness & Mutations

You have razor-sharp teeth.
Your natural rate of healing is unusually fast.
When hurt, damage is shared between your health and your magic reserves.
Your bite disrupts and absorbs the magic of your enemies.
Potions cannot restore your health.
You are immune to rotting.


Message History

The stone giant is moderately wounded.
The stone giant misses you.
You slash the stone giant! You burn the stone giant. You bite the stone giant.
You drain its power.
You feel invigorated.
The stone giant is heavily wounded.
The stone giant barely misses you.
You hit the stone giant. You burn the stone giant.
The stone giant is heavily wounded.
The stone giant is distracted by your gold.
You strike the helpless stone giant from behind!
You hit the stone giant but do no damage.
The stone giant is no longer distracted by gold.
You bite the stone giant! You drain its power.
You feel invigorated.
The stone giant is heavily wounded.
The stone giant hits you!!
You hit the stone giant. You burn the stone giant.
The stone giant is severely wounded.
The stone giant hits you!!!
You die...
Your body crumbles into a pile of gold.

##≈# #§§### ##§§≈≈## ##≈≈≈≈≈§##
#§§≈..≈≈≈# ###.....# #.#.=.#.#
#...∩#.## ######## ######@##
##).##..### ####EC#############
.)...)##..###........§§..CE.#.###
...)∩#####.......§≈≈§§≈§≈......$.
§[.§≈# ###....≈≈§§≈§≈≈≈§§....##
≈≈§§## #...§§§≈≈§§§§≈≈≈§§...##
≈≈≈## ##...§≈≈≈§≈§§§≈≈§§...# ≈≈##
#....§§≈§≈§§§≈≈≈≈....# #§#
#.....≈≈§§§§§≈≈§....##


You could see a stone giant and an earth elemental.

Vanquished Creatures
  Harold (D:8)
  Erica (D:8)
  A two-headed ogre (D:8)
  Pikel (D:6)
  2 gargoyles (Volcano)
  2 spiny frogs (Lair:1)
  An efreet (Volcano)
  5 hippogriffs
  9 yaks
  Eustachio (D:5)
  A hungry ghost (D:7)
  A fire elemental (Volcano)
  A water moccasin (Lair:2)
  An acid dragon (D:10)
  3 porcupines
  Duvessa (D:5)
  4 sky beasts
  3 black bears
  3 orc warriors
  A slave (D:6)
  2 phantoms
  5 ice beasts
  3 ogres
  4 centaurs
  A crocodile (Lair:2)
  Blork the orc (D:5)
  6 big kobolds (D:3)
  11 bullfrogs
  Dowan (D:5)
  3 scorpions
  3 wights (D:8)
  3 killer bees (D:9)
  5 howler monkeys
  A crimson imp (D:6)
  A bullfrog skeleton (D:6)
  8 hounds
  2 orc priests
  3 jellies
  9 orc wizards
  3 worker ants
  A hound zombie (D:8)
  3 worker ant zombies
  11 adders
  13 gnolls
  2 shadow imps
  An adder zombie (D:6)
  3 worms
  3 dart slugs
  3 leopard geckos
  36 orcs
  3 ball pythons
  8 giant cockroaches
  4 goblins
  3 hobgoblins (D:1)
  4 jackals (D:1)
  58 kobolds
  4 quokkas
  6 bats
  4 frilled lizards
  A leopard gecko skeleton (D:8)
  A leopard gecko zombie (D:8)
  A quokka zombie (D:5)
  26 rats
  3 plants
320 creatures vanquished.

Vanquished Creatures (others)
  2 slaves (D:6)
  A plant (Lair:1)
3 creatures vanquished.

Grand Total: 323 creatures vanquished

Notes
Turn   | Place    | Note
-------+----------+-------------------------------------------
     0 | D:1      | VLARC the Vine Stalker Skald began the quest for the Orb.
     0 | D:1      | Reached XP level 1. HP: 11/11 MP: 4/4
    46 | D:1      | Reached XP level 2. HP: 7/15 MP: 4/6
   581 | D:1      | Reached XP level 3. HP: 11/18 MP: 5/8
  1635 | D:2      | Found a white marble altar of Elyvilon.
  1636 | D:2      | Found a hide-covered altar of Uskayaw.
  1732 | D:2      | Gained mutation: Your natural rate of healing is unusually fast. [Vine Stalker growth]
  1732 | D:2      | Reached XP level 4. HP: 3/23 MP: 9/9
  1736 | D:2      | HP: 1/23 [poisoned by an adder]
  1794 | D:2      | Found a snail-covered altar of Cheibriados.
  1956 | D:2      | Reached XP level 5. HP: 24/28 MP: 8/11
  2910 | D:3      | Found a deep blue altar of Sif Muna.
  2943 | D:3      | Noticed a big kobold
  2986 | D:3      | Killed a big kobold
  2986 | D:3      | Reached XP level 6. HP: 32/32 MP: 10/13
  3254 | D:3      | Reached XP level 7. HP: 35/37 MP: 14/14
  3310 | D:3      | Reached skill level 5 in Spellcasting
  3782 | D:4      | Gained mutation: You have razor-sharp teeth. [Vine Stalker growth]
  3782 | D:4      | Reached XP level 8. HP: 40/42 MP: 15/17
  4051 | D:4      | Reached skill level 5 in Fighting
  4051 | D:4      | Reached skill level 5 in Long Blades
  4068 | D:4      | Found a bloodstained altar of Trog.
  4079 | D:4      | Found a shimmering altar of Xom.
  4096 | D:4      | Found an opulent altar of Gozag.
  4239 | D:5      | Entered Level 5 of the Dungeon
  4292 | D:4      | Became a worshipper of Gozag Ym Sagoz the Greedy
  4400 | D:5      | Noticed Duvessa
  4425 | D:5      | Killed Duvessa
  4444 | D:5      | Noticed Dowan
  4456 | D:5      | Killed Dowan
  4518 | D:5      | Noticed Eustachio
  4569 | D:5      | Killed Eustachio
  4608 | D:5      | Found an iron altar of Okawaru.
  4838 | D:5      | Reached XP level 9. HP: 42/48 MP: 18/20
  4875 | D:5      | Found a snail-covered altar of Cheibriados.
  5035 | D:5      | Noticed Blork the orc
  5048 | D:5      | Killed Blork the orc
  5342 | D:6      | Found an ancient bone altar of Kikubaaqudgha.
  5511 | D:6      | Noticed Pikel
  5570 | D:6      | Killed Pikel
  5635 | D:6      | Found a staircase to the Ecumenical Temple.
  6268 | D:7      | Reached XP level 10. HP: 51/55 MP: 23/23
  6995 | D:8      | Noticed Harold
  7021 | D:8      | Killed Harold
  7141 | D:8      | Noticed a two-headed ogre
  7435 | D:8      | Found a sacrificial altar of Ru.
  7445 | D:8      | Found an ornate altar of the Wu Jian Council.
  7445 | D:8      | Found a radiant altar of Vehumet.
  7446 | D:8      | Noticed Erica
  7480 | D:8      | Killed Erica
  7545 | D:8      | Found a shadowy altar of Dithmenos.
  7597 | D:8      | Killed a two-headed ogre
  7597 | D:8      | Reached XP level 11. HP: 62/62 MP: 25/25
  7629 | D:8      | Reached skill level 10 in Spellcasting
  7857 | D:9      | Found a runed gate.
  7857 | D:9      | Found a runed gate.
  7857 | D:9      | Found a runed gate.
  7858 | D:9      | Noticed riteheju's ghost (novice DsGl)
  8015 | D:9      | Noticed Erolcha
  8097 | D:9      | Found a shadowy altar of Dithmenos.
  8201 | D:9      | Found a staircase to the Lair.
  8203 | D:10     | Entered Level 10 of the Dungeon
  8372 | D:10     | Noticed a white ugly thing
  8399 | D:10     | Found a staircase to the Orcish Mines.
  8399 | D:10     | Noticed a green ugly thing
  8608 | Lair:1   | Entered Level 1 of the Lair of Beasts
  8618 | Lair:1   | Learned a level 3 spell: Spectral Weapon
  8827 | Lair:1   | Reached skill level 1 in Hexes
  9662 | Lair:2   | Found a dark tunnel.
  9673 | Volcano  | Entered a volcano
  9722 | Volcano  | Reached skill level 10 in Fighting
  9722 | Volcano  | Reached skill level 10 in Long Blades
  9789 | Volcano  | Noticed a stone giant
  9822 | Volcano  | Mangled by a stone giant

Vault maps used:
D:1:      dpeg_arrival_ternary
D:2:      gammafunk_temple_overflow_pools, kennysheep_slug_shrine, minivault_27,
          minmay_rat_hole
D:3:      minmay_goblin_kobold_castle, led_sif_pool
D:4:      kennysheep_mini, lemuel_round_altar, first_ration,
          minmay_misc_feat_roman, xom_teletrap_fun
D:5:      kennysheep_okawaru_gauntlet, basic_altar, uniq_duvessa,
          uniq_eustachio, uniq_blork_the_orc
D:6:      kiku_gazebo_garden_becter, temple_statues, st_stairs_13,
          kennysheep_cross_room, uniq_pikel
D:8:      grunt_temple_overflow_open, uniq_erica, uniq_harold
D:9:      lair_entry_dummy, ebering_ghost_rock_garden, hangedman_ranch,
          grunt_decor_cap, nicolae_dithmenos_the_darkroom, uniq_erolcha
D:10:     orc_david_3
Lair:1:   wad_woods_04
Lair:2:   minmay_shoals_entry_hut, dummy_spider_entry, enter_volcano_2,
          grunt_megastairs_5
Volcano:  volcano_pools

Skill      XL: |  1  2  3  4  5  6  7  8  9 10 11 |
---------------+----------------------------------+-----
Fighting       | 2 3 4 6 7 9 10 | 10.1
Long Blades    | 2 3 4 6 7 9 10 | 10.1
Spellcasting   | 3 4 5 6 8 9 10 | 10.3
Hexes          | 3 |  3.5
Armour         | |  0.7
Dodging        | |  1.5
Charms         | |  3.0

Action                   |  1- 3 |  4- 6 |  7- 9 | 10-12 || total
-------------------------+-------+-------+-------+-------++-------
Melee: Falchion          |   137 |   290 |   626 |   168 ||  1221
       Bite              |    34 |    84 |   189 |   209 ||   516
       Long sword        |       |       |       |    76 ||    76
       Scimitar          |       |       |       |   271 ||   271
 Cast: Infusion          |     1 |     1 |       |       ||     2
Invok: Potion Petition   |       |       |       |     2 ||     2
Evoke: Wand              |       |       |       |     6 ||     6
  Use: Potion            |     2 |       |       |       ||     2
       Scroll            |       |       |    12 |     7 ||    19
 Stab: Sleeping          |     1 |     1 |     1 |       ||     3
       Paralysed         |       |       |       |     6 ||     6
       Distracted        |       |       |       |     2 ||     2
  Eat: Chunk             |     2 |     6 |     7 |       ||    15
       Ration            |       |       |     3 |     4 ||     7
Armor: Leather armour    |    34 |    22 |   106 |   110 ||   272
       Ring mail         |       |    82 |   170 |       ||   252
Dodge: Dodged            |   112 |   170 |   382 |   370 ||  1034
       Rpst.: Falchion   |    39 |    57 |   106 |    40 ||   242
       Long sword        |       |       |       |    16 ||    16
       Scimitar          |       |       |       |    47 ||    47

Table legend:
 A = Spawn XP
 B = Non-spawn XP
 C = Spawn XP percentage of total XP
 D = Spawn monster count
 E = Non-spawn monster count
 F = Spawn count percentage of total count
 G = Total turns spent on level
                    A         B        C        D         E        F      G
               +---------+---------+-------+---------+---------+-------+---------
         Total |       0 |   17416 |   0.0 |       0 |     316 |   0.0 |  9822
               +---------+---------+-------+---------+---------+-------+---------
           D:1 |       0 |      68 |   0.0 |       0 |      31 |   0.0 |  1550
           D:2 |       0 |     149 |   0.0 |       0 |      42 |   0.0 |   733
           D:3 |       0 |     779 |   0.0 |       0 |      73 |   0.0 |  1410
           D:4 |       0 |     403 |   0.0 |       0 |      13 |   0.0 |   609
           D:5 |       0 |    1375 |   0.0 |       0 |      29 |   0.0 |  1040
           D:6 |       0 |    1369 |   0.0 |       0 |      22 |   0.0 |   823
           D:7 |       0 |    1953 |   0.0 |       0 |      31 |   0.0 |   824
           D:8 |       0 |    4141 |   0.0 |       0 |      28 |   0.0 |   800
           D:9 |       0 |    1856 |   0.0 |       0 |      17 |   0.0 |   431
          D:10 |       0 |     821 |   0.0 |       0 |      11 |   0.0 |   388
        Lair:1 |       0 |    2631 |   0.0 |       0 |      11 |   0.0 |   979
        Lair:2 |       0 |     540 |   0.0 |       0 |       4 |   0.0 |    86
       Volcano |       0 |    1331 |   0.0 |       0 |       4 |   0.0 |   149
               +---------+---------+-------+---------+---------+-------+---------
